Map: Submarine LE

Players

Massa - Winner!

  • Race: Terran Terran
  • Spawn Location: 5:00

BigBadWolf

  • Race: Terran Terran
  • League: Platinum
  • Spawn Location: 11:00

VOD

Have the link to the VOD?

Description

Time

  • Played on: Jan. 27, 2021, 11:43 a.m.
  • Length: 4:27
Show
View Real Time Build Order
Export as new Build Order

Massa Terran - Winner!

Build Orders: Hellion Opening 

Get SALT Encoding   

  12  0:00  SCV  
  13  0:12  SCV  
  14  0:22  Supply Depot  
  14  0:24  SCV  
  15  0:44  SCV  
  15  0:45  Barracks  
  15  0:48  Refinery  
  16  0:56  SCV  
  17  1:08  SCV  
  18  1:20  SCV  
  19  1:32  SCV  
  20  1:37  Barracks Reactor  
  20  1:43  Command Center  
  20  1:46  Orbital Command  
  20  2:09  Supply Depot  
  20  2:14  Factory, Marine x2  
  22  2:16  SCV  
  23  2:32  Marine x2  
  23  2:33  SCV  
  25  2:47  SCV  
  25  2:50  Marine x2  
  28  2:56  Orbital Command  
  28  3:02  Starport  
  28  3:17  Hellion x2  
  32  3:20  Barracks Tech Lab  
  32  3:23  SCV x2  
  34  3:32  Supply Depot  
  34  3:35  SCV x2  
  34  3:38  Hellion x2  
  39  3:55  SCV x2  
  41  3:59  Hellion  
  41  4:00  Hellion  
  45  4:07  SCV  
  46  4:15  SCV, Engineering Bay  
  47  4:17  Barracks Tech Lab  
Show
View Real Time Build Order
Export as new Build Order

BigBadWolf Terran 

Build Orders: Reaper Expand 

Get SALT Encoding   

  12  0:00  SCV  
  13  0:15  Supply Depot  
  13  0:18  SCV  
  14  0:30  SCV  
  15  0:40  Barracks  
  15  0:42  Refinery  
  15  0:46  SCV  
  16  0:58  SCV  
  17  1:10  SCV  
  18  1:26  Orbital Command  
  18  1:27  Reaper  
  19  1:44  Command Center  
  19  1:53  Supply Depot  
  19  1:58  SCV  
  20  2:02  Barracks Reactor  
  20  2:10  SCV  
  21  2:20  Factory  
  21  2:22  SCV  
  22  2:42  Reaper  
  23  2:46  SCV  
  23  2:47  Refinery  
  24  2:59  SCV  
  24  3:01  Bunker  
  24  3:05  SCV  
  26  3:07  Hellion  
  28  3:17  SCV  
  29  3:31  Barracks Tech Lab  
  29  3:33  SCV  
  30  3:35  Orbital Command  
  29  3:54  Hellion x2  
  30  4:11  Barracks  
Tags
 
Add a new tag
Caveats
  • Supply blocks, unpowered buildings, or Contaminate may cause inaccurate times.
  • Supply counts are checked every 10 seconds.